 Dungeon Crawl Stone Soup version 0.30.1 (webtiles) character file.

Game seed: 15966352043764083320

284 Dordric the Slasher (level 6, 0/43 HPs)
             Began as a Djinni Warper on July 5, 2023.
             Slain by an ice beast (2 damage)
             ... on level 4 of the Dungeon.
             The game lasted 00:05:48 (3902 turns).

Dordric the Slasher (Djinni Warper)                 Turns: 3902, Time: 00:05:48

Health: 0/43       AC:  6    Str: 10    XL:     6   Next: 55%
Gold:   189        EV: 10    Int: 14    God:
                   SH:  0    Dex: 15

rFire   + + +        a - +0 falchion
rCold   . . .        (no shield)
rNeg    . . .        w - +0 ring mail
rPois   ∞            (no helmet)
rElec   +            (no cloak)
rCorr   +            x - +0 pair of gloves
SInv    .            (boots unavailable)
Will    .....        (no amulet)
Stlth   +            (no ring)
HPRegen 0.27/turn    (no ring)
MPRegen 0.00/turn

%: infuse magic (-1 HP)
@: brilliant, resistant, flying
A: sickness immunity, fire resistance 2, cold vulnerability 1, float, innate
caster, HP casting, extra vitality 1
a: no special abilities


You were on level 4 of the Dungeon.
You visited 1 branch of the dungeon, and saw 4 of its levels.

You collected 189 gold pieces.

Inventory:

Hand Weapons
 a - a +0 falchion (weapon)
Missiles
 d - 7 boomerangs of dispersal
 i - 3 boomerangs
 o - 2 throwing nets
Armour
 b - a +0 leather armour
 w - a +0 ring mail (worn)
 x - a +0 pair of gloves (worn)
Scrolls
 c - a scroll of blinking
 h - a scroll of brand weapon {unknown}
 j - 2 scrolls of magic mapping {unknown}
 l - a scroll of poison {unknown}
 m - 2 scrolls of fog {unknown}
 n - a scroll of teleportation {unknown}
 q - 2 scrolls of identify {unknown}
 r - 3 scrolls of noise {unknown}
 s - a scroll of immolation {unknown}
 t - 3 scrolls of amnesia {unknown}
Potions
 e - a potion of haste {unknown}
 f - 2 potions of curing
 g - a potion of brilliance
 k - a potion of berserk rage {unknown}
 p - a potion of might {unknown}
 u - a potion of resistance
 v - a potion of heal wounds {unknown}


   Skills:
 - Level 2.0 Fighting
 + Level 5.8 Long Blades
 - Level 0.8 Throwing
 - Level 1.0 Armour
 - Level 2.2 Dodging
 - Level 2.4 Spellcasting


You knew the following spells:

 Your Spells              Type           Power      Damage    Failure   Level
a - Blink                 Tloc           24%        N/A       32%         2
b - Lesser Beckoning      Tloc           24%        N/A       32%         2
c - Vhi's Electric Charg  Tloc/Air       24%        N/A       54%         3
d - Teleport Other        Tloc           12%        N/A       54%         3
e - Manifold Assault      Tloc           12%        N/A       91%         4
f - Summon Small Mammal   Summ           48%        N/A       22%         1
g - Ensorcelled Hibernat  Hex/Ice        24%        N/A       32%         2
Your spell library was empty.

Dungeon Overview and Level Annotations

Branches:
Dungeon (4/15)
 Temple: D:4-7

Altars:
Elyvilon
Yredelemnul

Shops:
D:1 [

Annotations:
D:3 Menkaure


Innate Abilities, Weirdness & Mutations

You are immune to sickness and miasma.
You are immune to poison.
Your flesh is very heat resistant. (rF++)
You are vulnerable to cold. (rC-)
You float through the air rather than walking.
You learn spells naturally, not from books.
Your magical power is your life essence.
You have superior vitality. (+4 MHP)


Message History

It was a potion of curing.
You feel better.
It was a potion of brilliance.
You feel clever all of a sudden.
It was a potion of resistance.
You feel protected.
The ice beast hits you but does no damage.
You closely miss the ice beast. The ice beast hits you.
The ice beast freezes you!
You hit the ice beast but do no damage.
The ice beast hits you but does no damage.
You barely miss the ice beast. The ice beast misses you.
You barely miss the ice beast.
The ice beast hits you but does no damage.
You barely miss the ice beast.
The ice beast hits you but does no damage.
You hit the ice beast but do no damage. The ice beast closely misses you.
You hit the ice beast.
The ice beast is lightly wounded.
The ice beast barely misses you.
You hit the ice beast.
The ice beast is lightly wounded.
The ice beast hits you but does no damage.
You closely miss the ice beast.
The ice beast is lightly wounded.
The ice beast barely misses you.
You hit the ice beast.
The ice beast is moderately wounded.
The ice beast hits you. The ice beast freezes you!
You hit the ice beast.
The ice beast is heavily wounded.
The ice beast hits you. The ice beast freezes you!
* * * LOW HITPOINT WARNING * * *
You barely miss the ice beast.
The ice beast is heavily wounded.
The ice beast hits you.
* * * LOW HITPOINT WARNING * * *
The ice beast freezes you.
* * * LOW HITPOINT WARNING * * *
The ice beast attacks as you move away! The ice beast hits you.
You die...

#..######♣..♣♣###..# #..##.
#..#♣♣♣♣♣#♣...♣♣#..# #..###
#.##♣....♣#♣...♣##.## #..###
##.#♣)....⌠♣♣....♣#..# ##...##
#..#♣...._.♣♣....♣##.###.....#
#Y##♣.....⌠♣♣.....♣#..........
####.#♣......♣#♣.....♣#.#........
.....#♣.....♣##♣.....♣#.##.......
.....#♣.....♣#♣Y@....♣#.........#
~..#.#♣.....♣♣⌠.....♣♣#.......)..
..#..##♣....♣♣._....♣##.#.##<..##
..##..#♣....♣♣⌠.....♣#....##.#.#
..#.#.##♣...♣#♣....♣##.#####.#.#
...##..#♣♣...♣#♣♣♣♣♣#..# #.#.#
.....Y.###♣♣..♣######.## #.#)#
######...###♣.........######.#.##
### ##.....###......###..........


You could see an ice beast.

Vanquished Creatures
  A scorpion (D:4)
  A hound (D:4)
  An iguana (D:4)
  4 gnolls (D:2)
  5 adders
  3 worms
  2 dart slugs (D:3)
  5 orcs (D:4)
  10 endoplasms
  3 goblins
  8 hobgoblins
  8 kobolds
  2 quokkas
  3 ball pythons
  5 bats
  5 frilled lizards
  6 rats
72 creatures vanquished.

Vanquished Creatures (collateral kills)
  A goblin (D:2)
1 creature vanquished.

Grand Total: 73 creatures vanquished

Notes
Turn   | Place    | Note
-------+----------+-------------------------------------------
     0 | D:1      | Dordric the Djinni Warper began the quest for the Orb.
     0 | D:1      | Dordric set off with the following spells memorised: Blink,
                  | Lesser Beckoning, Vhi's Electric Charge, Teleport Other,
                  | Manifold Assault.
     0 | D:1      | Reached XP level 1. HP: 18/18 MP: 0/0
    95 | D:1      | Reached skill level 2 in Long Blades
   139 | D:1      | Reached XP level 2. HP: 3/23 MP: 0/0
   231 | D:1      | Found Guem's Antique Armour Shoppe.
   608 | D:1      | Reached XP level 3. HP: 20/28 MP: 0/0
   608 | D:1      | Learned a level 1 spell: Summon Small Mammal
   891 | D:1      | Reached skill level 3 in Long Blades
  1264 | D:2      | Reached XP level 4. HP: 12/33 MP: 0/0
  1615 | D:2      | Found a faded altar of an unknown god.
  1802 | D:2      | Reached skill level 4 in Long Blades
  1872 | D:2      | Reached XP level 5. HP: 37/38 MP: 0/0
  1872 | D:2      | Learned a level 2 spell: Ensorcelled Hibernation
  2555 | D:4      | Noticed Menkaure
  2868 | D:4      | Found a white marble altar of Elyvilon.
  2879 | D:4      | Identified the +5 quarterstaff "Rebloifu" {drain, rN+
                  | Int+4}
  3029 | D:4      | Reached skill level 5 in Long Blades
  3029 | D:4      | Reached XP level 6. HP: 17/43 MP: 0/0
  3366 | D:4      | Noticed an ice beast
  3367 | D:4      | Found a basalt altar of Yredelemnul.
  3901 | D:4      | HP: 2/43 [ice beast (5)]
  3902 | D:4      | Slain by an ice beast

Illustrated notes

Levels and vault maps discovered:
D:1:      minmay_arrival_semitransparent, layout_basic, serial_shops,
          nicolae_shop_dealshenge, serial_bayou_pond_b, minmay_misc_feat_tiny
D:2:      layout_basic, basic_ecumenical_altar
D:3:      layout_rooms, serial_corexii_hall, corexii_hall_statues_x,
          chequers_hall_statues_wall_a
D:4:      layout_loops_ring, kennysheep_ying_yang, lemuel_blue_sif_altar,
          serial_bayou_pond_d, uniq_menkaure

Skill      XL: |  1  2  3  4  5 |
---------------+----------------+-----
Long Blades    | 2 3 4 5 |  5.8
Fighting       | |  2.0
Throwing       | |  0.8
Armour         | |  1.0
Dodging        | |  2.2
Spellcasting   | |  2.4

Action                     |  1- 3 |  4- 6 || total
---------------------------+-------+-------++-------
  Melee: Falchion          |   117 |   188 ||   305
         Punch             |     1 |     2 ||     3
   Cast: Summon Small Mamm |     2 |    11 ||    13
         Ensorcelled Hiber |       |     3 ||     3
    Use: Scroll            |       |     1 ||     1
         Potion            |       |     3 ||     3
   Stab: Sleeping          |     1 |     1 ||     2
         Distracted        |       |     1 ||     1
 Armour: Leather armour    |    32 |    26 ||    58
         Ring mail         |       |    11 ||    11
  Dodge: Dodged            |    79 |   124 ||   203
